 Dungeon Crawl Stone Soup version 0.17.1-2-g5865329 (webtiles) character file.

319254 thriftshopmusketeer the Black Belt (level 20, -2/153 HPs)
             Began as a Demonspawn Monk on Dec 27, 2015.
             Was the Champion of Qazlal.
             Killed from afar by a Hell Sentinel (26 damage)
             ... with a blast of hellfire
             ... on level 1 of the Abyss on Jan 13, 2016.
             The game lasted 05:19:32 (39982 turns).

thriftshopmusketeer the Black Belt (DsMo)          Turns: 39982, Time: 05:19:32

Health: -2/153     AC: 48    Str: 12    XL:     20   Next: 59%
Magic:  0/33       EV: 17    Int: 14    God:    Qazlal [******]
Gold:   2895       SH: 23    Dex: 25    Spells: 0 memorised, 19 levels left

rFire  . . .     SeeInvis +       - Unarmed
rCold  + . .     Rnd*Rage +     X - +27 Lear's hauberk
rNeg   + + .     SustAt   .     N - +1 shield {reflect}
rPois  .         Gourm    .     (helmet currently unavailable)
rElec  .         Spirit   +     L - +2 cloak "Jajoli" {rN+ rCorr Dex+4}
rCorr  +         Warding  .     (gloves unavailable)
rMut   .         Rnd*Tele +     (boots currently unavailable)
MR     +....                    M - amulet of regeneration
Stlth  ..........               c - +3 ring of evasion
                                r - ring of see invisible

@: repel missiles, somewhat resistant to hostile enchantments, extremely
unstealthy
A: claws 3, rough black scales 3, agile 1, berserk 1, blurry vision 1, clever 1,
cold resistance 1, deformed body, dopey 1, negative energy resistance 1,
screaming 1, slow regeneration 1, teleportitis 1, magic shield, magic
regeneration, magic link, rot immunity, subdued magic 1
a: Upheaval, Elemental Force, Disaster Area, Renounce Religion
}: 2/15 runes: barnacled, gossamer


You were on level 1 of the Abyss.
You worshipped Qazlal.
Qazlal was exalted by your worship.
You were not hungry.

You visited 7 branches of the dungeon, and saw 38 of its levels.
You visited the Abyss 3 times.
You also visited: Labyrinth and Ice Cave.

You collected 4303 gold pieces.
You spent 1408 gold pieces at shops.

Inventory:

Missiles
 D - 9 throwing nets
 Y - 26 javelins (quivered)
Armour
 L - the +2 cloak "Jajoli" (worn) {rN+ rCorr Dex+4}
   (You found it on level 4 of the Shoals)

   It affects your dexterity (+4).
   It protects you from negative energy.
   It protects you from acid and corrosion.
 N - a +1 shield of reflection (worn)
 R - a +1 cloak of cold resistance
 X - the +27 Lear's hauberk (worn)
   (You found it on level 3 of the Spider Nest)
Jewellery
 c - a +3 ring of evasion (right claw)
 f - an uncursed amulet of resist corrosion
 l - an uncursed ring of protection from magic {unknown}
 n - an uncursed ring of poison resistance
 r - a ring of see invisible (left claw)
 M - an amulet of regeneration (around neck)
Wands
 e - a wand of fireball (9)
 k - a wand of slowing (17)
 x - a wand of lightning (13)
 y - a wand of slowing (34)
 A - a wand of disintegration (8)
 J - a wand of fire (8)
 W - a wand of cold (1)
 Z - a wand of teleportation (6)
Scrolls
 a - 2 scrolls of fog
 d - 14 scrolls of remove curse
 h - 5 scrolls of magic mapping
 v - a scroll of enchant weapon
 B - 11 scrolls of immolation
 C - 5 scrolls of identify
 I - 2 scrolls of enchant armour
 P - 2 scrolls of amnesia
 Q - a scroll of blinking
 T - 3 scrolls of recharging
 U - 14 scrolls of teleportation
Potions
 o - 9 potions of brilliance
 p - 8 potions of curing
 s - a potion of heal wounds
 u - 5 potions of agility
 w - 5 potions of might
 z - 5 potions of magic
 K - 3 potions of berserk rage
 S - 2 potions of cancellation
 V - a potion of haste
Books
 t - a Necronomicon

   Spells                             Type                      Level
   a - Haunt                          Necromancy/Summoning         7
   b - Borgnjor's Revivification      Necromancy                   8
   c - Death's Door                   Charms/Necromancy            8
   d - Necromutation                  Transmutation/Necromancy     8
Miscellaneous
 g - a phial of floods
Comestibles
 b - 18 bread rations
 i - 11 beef jerkies
 j - 21 meat rations
 m - 10 royal jellies
 q - 12 fruits


   Skills:
 * Level 12.2 Fighting
 - Level 11.2 Armour
 - Level 13.1 Dodging
 - Level 2.1 Stealth
 - Level 15.0 Shields
 - Level 20.0 Unarmed Combat
 - Level 18.0 Invocations
 - Level 0.6 Evocations


You had 19 spell levels left.
You didn't know any spells.

Dungeon Overview and Level Annotations

Branches:
Dungeon (14/15)            Temple (1/1) D:4            Lair (8/8) D:9
 Shoals (4/4) Lair:3       Spider (4/4) Lair:3        Slime (0/6) Lair:8
    Orc (4/4) D:10            Elf (3/3) Orc:4        Vaults (0/5) D:14

Altars:
Ashenzari
Cheibriados
Dithmenos
Elyvilon
Fedhas
Gozag
Nemelex Xobeh
Qazlal
Ru
Sif Muna
Trog
Vehumet
Yredelemnul
Zin
Beogh
Jiyva

Shops:
D:6 [   D:11 }   Orc:1 [   Orc:2 }   Orc:4 }=!?   Elf:1 (   Elf:2 }=}(}
Elf:3 =

Portals:
Trove: D:13 (show abyssal rune of Zot)

Annotations:
D:7 exclusion: ice statue


Innate Abilities, Weirdness & Mutations

You have claws for hands.
You are completely covered in rough black scales (AC +10, Dex -3).
You resist negative energy.
When hurt, damage is shared between your health and your magic reserves.
You regenerate magic rapidly.
When low on magic, you restore magic in place of health.
You are immune to rotting.
You are agile. (Dex +2)
You tend to lose your temper in combat.
Scrolls take you a little longer to read.
Your mind is acute. (Int +2)
Your flesh is cold resistant.
Armour fits poorly on your strangely shaped body.
You regenerate slowly when monsters are visible.
[You are dopey. (Int -2)]
[You occasionally shout uncontrollably at your foes.]
[You are occasionally teleported next to monsters.]
[Your spells are a little easier to cast, but a little less powerful.]


Message History

The hellfire explodes!
The blast of hellfire engulfs you!
* * * LOW HITPOINT WARNING * * *
The blast of hellfire engulfs the Hell Sentinel.
The Hell Sentinel completely resists.
You barely miss the Hell Sentinel.
The Hell Sentinel is heavily wounded.
The Hell Sentinel gestures at you.
The hellfire explodes!
The blast of hellfire engulfs you!
* * * LOW HITPOINT WARNING * * *
The blast of hellfire engulfs the Hell Sentinel.
The Hell Sentinel completely resists.
Drink which item? (? for menu, Esc to quit)
You feel much better.
You feel less protected from physical attacks.
The Hell Sentinel hits you!
* * * LOW HITPOINT WARNING * * *
The Hell Sentinel hits you but does no damage.
The Hell Sentinel gestures at you.
The hellfire explodes!
The blast of hellfire engulfs you!
You die...

#.## #.....
. .# ##
###.... # .
#§X#.##. #
..
#........
...##
###..#... #
.... # #.##
#... #..#
.#Z§.# .
#...##1#..§
.#
#$@..###.#.
#.#.§.# # .
..##.§.# #
# #...
#..## ##.
.#.# .# #
.. ## #.#.
...


You could see a Hell Sentinel and a harpy skeleton.

Vanquished Creatures
  An ancient lich (Abyss:1)
  Nikola (Shoals:3)
  A profane servitor (Abyss:1)
  A bone dragon (Abyss:1)
  Jorgrun (Spider:3)
  Rupert (D:14)
  A deep elf master archer (Elf:3)
  4 deep elf blademasters
  An Executioner (Abyss:1)
  A kraken (Shoals:2)
  4 tentacled starspawn
  Kirke (Shoals:4)
  Roxanne (Elf:1)
  Ilsuiw (Shoals:4)
  Donald (D:14)
  A balrug (Abyss:1)
  Maud (D:14)
  8 emperor scorpions
  8 deep elf sorcerers (Elf:3)
  4 ghost moths
  The ghost of xash the Brawler, a journeyman TrMo (Lair:6)
  7 deep elf demonologists (Elf:3)
  Nessos (D:13)
  2 lorocyprocas (Abyss:1)
  7 deep elf annihilators
  A dire elephant (Lair:8)
  A purple draconian (Abyss:1)
  A blizzard demon (Abyss:3)
  6 deep elf death magi
  2 merfolk javelineers (Shoals:4)
  Snorg (Orc:1)
  11 merfolk impalers
  A minotaur (Lab)
  Josephine (D:13)
  6 deep elf high priests (Elf:3)
  Fannar (D:10)
  10 hydras
  3 centaur warriors
  A satyr (Shoals:2)
  2 ogre magi (Orc:4)
  3 merfolk avatars
  An alligator snapping turtle (Shoals:4)
  7 merfolk aquamancers
  14 dancing weapons (Elf:2)
  19 death yaks
  A catoblepas (Lair:8)
  A deep troll shaman (Lair:8)
  A hell hog (Abyss:1)
  5 thrashing horrors
  Urug (Lair:2)
  Nergalle (D:10)
  4 sun demons (Abyss:1)
  5 wretched stars (Abyss:1)
  15 deep elf knights
  A storm dragon zombie (Abyss:1)
  A skeletal warrior (D:14)
  20 small abominations
  A giant orange brain (Abyss:1)
  2 deep trolls (Orc:4)
  A shadow wraith (Abyss:1)
  12 sea snakes
  21 starcursed masses (Abyss:1)
  5 hill giants
  An unseen horror (D:14)
  5 lindwurms (Lair:8)
  3 hornets
  10 deep elf summoners
  A salamander (Abyss:1)
  8 harpies
  7 deep elf conjurers
  19 orb spiders
  8 water nymphs
  An orc sorcerer (Orc:3)
  8 griffons
  3 necromancers
  20 wolf spiders
  25 large abominations
  4 sixfirhies (Abyss:1)
  7 fauns (Shoals:2)
  7 cyclopes
  A centaur zombie (D:12)
  14 elephants
  4 black mambas
  4 worldbinders (Abyss:1)
  3 moths of wrath
  Maurice (D:10)
  A spiny frog (shapeshifter) (D:14)
  9 sirens
  A guardian serpent (Abyss:1)
  An ice statue (IceCv)
  8 smoke demons
  A fire giant skeleton (Abyss:3)
  13 manticores
  2 torpor snails
  2 efreet
  6 orange demons
  5 fire drakes
  11 spiny frogs
  16 demonic crawlers
  A hellion (Abyss:1)
  A hellwing (Abyss:1)
  A yaktaur (D:13)
  2 guardian mummies (D:13)
  4 kobold demonologists (D:14)
  2 red devils (Abyss:1)
  10 komodo dragons
  8 ancient zymes (Abyss:1)
  A silent spectre (Abyss:1)
  2 polar bears
  8 deep elf priests
  33 merfolk
  15 trolls
  A blue devil (Abyss:1)
  4 harpy zombies (Shoals:2)
  11 freezing wraiths
  11 slime creatures
  A wolf spider simulacrum (IceCv)
  A queen bee (Spider:2)
  17 jumping spiders
  3 wind drakes
  2 griffon zombies (Shoals:2)
  6 snapping turtles
  7 two-headed ogres
  5 blink frogs
  4 wraiths (D:13)
  The ghost of steelSky the Cudgeler, an amateur GrFi (D:3)
  24 deep elf magi
  35 trapdoor spiders
  3 flying skulls (Abyss:1)
  12 tarantellas
  15 water elementals
  8 raiju (Abyss:1)
  24 redbacks
  3 basilisks
  17 humans
  7 ynoxinuls (Abyss:1)
  4 wyverns
  A steam dragon (D:12)
  7 chaos spawn
  30 deep elf fighters
  6 hogs
  65 yaks
  4 hungry ghosts
  4 wargs
  36 wolves
  Menkaure (D:4)
  6 neqoxecs
  18 water moccasins
  15 hippogriffs
  A mottled dragon (D:12)
  13 porcupines
  4 insubstantial wisps (Abyss:1)
  2 hell hounds (Abyss:1)
  2 nagas (Abyss:1)
  7 orc warriors
  10 ice beasts
  A phantom (D:8)
  3 black bears
  25 spiders
  2 centaurs
  24 ogres
  3 wasps
  16 crocodiles
  6 sky beasts
  3 big kobolds
  2 gnoll sergeants (D:10)
  4 brain worms
  3 elf zombies (Elf:1)
  10 giant frogs
  10 wights
  6 scorpions
  A swamp dragon simulacrum (IceCv)
  31 killer bees
  2 vampire bats
  3 jellies
  2 electric eels
  A giant frog zombie (D:12)
  4 crimson imps
  6 draconian simulacra (IceCv)
  18 orc priests
  5 giant frog skeletons
  30 orc wizards
  4 quasits
  2 iron imps (Abyss:1)
  15 worker ants
  4 centaur skeletons
  2 gnoll shamans
  3 hell rats (Lair:7)
  4 hounds
  10 iguanas
  Natasha (thrice) (D:4 D:7)
  2 spriggan simulacra (IceCv)
  5 troll simulacra (IceCv)
  A polar bear simulacrum (IceCv)
  14 sheep
  A wolf simulacrum (IceCv)
  A killer bee zombie (D:8)
  3 centaur simulacra (IceCv)
  A hound zombie (D:10)
  4 naga simulacra (IceCv)
  17 adders
  21 gnolls
  51 river rats
  A shadow imp (D:11)
  25 white imps
  2 ufetubi (Abyss:1)
  2 oozes (D:6)
  An adder zombie (D:9)
  5 worms
  165 orcs
  16 bats
  8 goblins
  7 hobgoblins
  6 jackals (D:1)
  21 kobolds
  5 quokkas
  A ball python (D:1)
  6 giant cockroaches
  3 giant geckos
  A giant gecko zombie (D:8)
  A giant newt (D:4)
  A quokka skeleton (D:7)
  16 rats
  A bush (Lair:8)
  4 butterflies
  8 crawling corpses
  36 fungi
  A lurking horror (Abyss:1)
  109 plants
  2 starspawn tentacles
  2 tentacles (Shoals:2)
1882 creatures vanquished.

Vanquished Creatures (collateral kills)
  A siren (Shoals:4)
  A merfolk (Shoals:4)
  3 orcs (D:10)
  A kobold (D:14)
  A crawling corpse (Elf:3)
7 creatures vanquished.

Vanquished Creatures (others)
  2 deep elf master archers (Elf:3)
  A deep elf annihilator (Elf:3)
  A deep elf high priest (Elf:3)
  A satyr (Shoals:4)
  2 manticores (Shoals:4)
  A water nymph (Shoals:4)
  4 fauns (Shoals:2)
  A jumping spider (Spider:1)
  A tarantella (Spider:4)
  2 deep elf fighters
  A hell hound (Abyss:1)
  A killer bee (Spider:2)
  A river rat (Lair:2)
  An orc (Orc:4)
  14 fungi
  17 plants
  10 starspawn tentacles
  96 starspawn tentacle segments
  9 tentacles (Shoals:2)
  249 tentacle segments (Shoals:2)
415 creatures vanquished.

Grand Total: 2304 creatures vanquished

Notes
Turn   | Place    | Note
--------------------------------------------------------------
     0 | D:1      | thriftshopmusketeer the Demonspawn Monk began the quest for the Orb.
     0 | D:1      | Reached XP level 1. HP: 18/18 MP: 1/1
   140 | D:1      | Gained mutation: You are partially covered in rough black scales (AC +4, Dex -1). [demonic ancestry]
   140 | D:1      | Reached XP level 2. HP: 18/24 MP: 2/2
   624 | D:1      | Reached skill level 4 in Fighting
   820 | D:2      | Gained mutation: When hurt, damage is shared between your health and your magic reserves. [demonic ancestry]
   820 | D:2      | Reached XP level 3. HP: 14/30 MP: 3/3
   995 | D:2      | Reached skill level 1 in Armour
  1008 | D:2      | Gained mutation: You are agile. (Dex +2) [potion of mutation]
  1008 | D:2      | Gained mutation: Your flesh is cold resistant. [potion of mutation]
  1008 | D:2      | Gained mutation: Your mind is acute. (Int +2) [potion of mutation]
  1399 | D:2      | Reached XP level 4. HP: 32/37 MP: 4/4
  1964 | D:1      | Reached XP level 5. HP: 13/42 MP: 3/5
  2435 | D:3      | Noticed steelSky's ghost (amateur GrFi)
  2637 | D:3      | Found a faded altar to an unknown god.
  2773 | D:3      | Killed steelSky's ghost
  2773 | D:3      | Reached skill level 5 in Unarmed Combat
  2773 | D:3      | Gained mutation: You are mostly covered in rough black scales (AC +7, Dex -2). [demonic ancestry]
  2773 | D:3      | Reached XP level 6. HP: 13/48 MP: 0/6
  3685 | D:4      | Reached skill level 6 in Unarmed Combat
  4071 | D:4      | Gained mutation: You are completely covered in rough black scales (AC +10, Dex -3). [demonic ancestry]
  4071 | D:4      | Reached XP level 7. HP: 52/54 MP: 5/7
  4085 | D:4      | Reached skill level 1 in Shields
  4126 | D:4      | Noticed Natasha
  4130 | D:4      | Killed Natasha
  4337 | D:4      | Noticed Menkaure
  4355 | D:4      | Killed Menkaure
  4355 | D:4      | Reached skill level 5 in Fighting
  4497 | D:4      | Found a staircase to the Ecumenical Temple.
  4505 | Temple   | Entered the Ecumenical Temple
  4513 | Temple   | Became a worshipper of Qazlal Stormbringer
  4513 | Temple   | Reached * piety under Qazlal
  4513 | Temple   | Reached ** piety under Qazlal
  4614 | D:5      | Entered Level 5 of the Dungeon
  4662 | D:4      | Reached skill level 1 in Invocations
  4784 | D:5      | Reached skill level 5 in Invocations
  4784 | D:5      | Reached XP level 8. HP: 62/62 MP: 11/11
  4808 | D:5      | Found a shattered altar of Ashenzari.
  5232 | D:5      | Reached skill level 7 in Invocations
  5571 | D:6      | Reached skill level 8 in Invocations
  5732 | D:6      | Found Laecam's Armour Shop.
  5746 | D:6      | Bought a +0 buckler of protection for 115 gold pieces
  6499 | D:7      | Noticed Natasha
  6514 | D:7      | Killed Natasha
  6583 | D:7      | Noticed an ice statue
  6605 | D:7      | Noticed Natasha
  6610 | D:7      | Killed Natasha
  6667 | D:7      | Found a basalt altar of Yredelemnul.
  6668 | D:7      | Found a blossoming altar of Fedhas.
  6723 | D:7      | Gained mutation: You are immune to rotting. [demonic ancestry]
  6723 | D:7      | Reached XP level 9. HP: 68/68 MP: 15/15
  7051 | D:8      | Found a sparkling altar of Nemelex Xobeh.
  7065 | D:8      | Reached skill level 9 in Unarmed Combat
  7424 | D:8      | Reached *** piety under Qazlal
  7511 | D:8      | Found a shadowy altar of Dithmenos.
  7511 | D:8      | Found a snail-covered altar of Cheibriados.
  7513 | D:8      | Found an opulent altar of Gozag.
  7516 | D:8      | Found a white marble altar of Elyvilon.
  8055 | D:9      | Found a staircase to the Lair.
  8056 | D:9      | Noticed a spiny frog
  8070 | D:9      | Killed a spiny frog
  8070 | D:9      | Reached skill level 5 in Dodging
  8166 | D:9      | Gained mutation: You have sharp fingernails. [demonic ancestry]
  8166 | D:9      | Reached XP level 10. HP: 74/74 MP: 16/16
  8615 | D:6      | Bought a +2 leather armour of poison resistance for 160 gold pieces
  8754 | D:9      | Got an ancient shortbow
  8755 | D:9      | Identified the +9 shortbow of Modesty {velocity, rElec rC+ MR-} (You found it on level 9 of the Dungeon)
  9096 | D:6      | Bought a +2 pair of boots for 165 gold pieces
  9244 | D:10     | Entered Level 10 of the Dungeon
  9294 | D:10     | Noticed Maurice
  9312 | D:10     | Killed Maurice
  9418 | D:10     | Noticed Nergalle
  9422 | D:10     | Killed Nergalle
  9422 | D:10     | Reached skill level 10 in Invocations
  9463 | D:10     | Reached skill level 11 in Invocations
  9550 | D:10     | Noticed Fannar
  9562 | D:10     | Killed Fannar
  9747 | D:10     | Found a staircase to the Orcish Mines.
  9921 | D:10     | Reached skill level 10 in Unarmed Combat
  9978 | D:10     | Noticed a hill giant
  9978 | D:10     | Killed a hill giant
  9978 | D:10     | Reached XP level 11. HP: 55/80 MP: 14/19
 10485 | D:11     | Found Ekhavaux's Gadget Boutique.
 10510 | D:11     | Reached skill level 5 in Armour
 10907 | D:12     | Reached **** piety under Qazlal
 10964 | D:12     | Found a stormy altar of Qazlal.
 11358 | D:12     | Noticed a hill giant
 11360 | D:12     | Killed a hill giant
 11712 | Lair:1   | Entered Level 1 of the Lair of Beasts
 11730 | Lair:1   | Noticed a seven-headed hydra
 11733 | Lair:1   | Reached skill level 12 in Invocations
 11736 | Lair:1   | Killed a seven-headed hydra
 11790 | Lair:1   | Reached skill level 13 in Invocations
 11836 | Lair:1   | Reached XP level 12. HP: 75/92 MP: 18/22
 12046 | Lair:1   | Reached skill level 14 in Invocations
 12860 | Lair:2   | Got a scorched great sword
 12874 | Lair:2   | Identified the +1 great sword "Vipieseetz" {freeze, rF+ MP+9 Str+4 Stlth-} (You found it on level 2 of the Lair of Beasts)
 13026 | Lair:2   | Noticed Urug
 13053 | Lair:2   | Killed Urug
 13745 | Lair:3   | Noticed a six-headed hydra
 13750 | Lair:3   | Killed a six-headed hydra
 13981 | Lair:3   | Found a hole to the Spider Nest.
 13983 | Lair:3   | Noticed a seven-headed hydra
 13994 | Lair:3   | Killed a seven-headed hydra
 14346 | Lair:3   | Identified a scroll of acquirement
 14385 | Lair:3   | Gained mutation: You regenerate magic rapidly. [demonic ancestry]
 14385 | Lair:3   | Reached XP level 13. HP: 95/101 MP: 23/23
 14738 | Lair:3   | Noticed a six-headed hydra
 14757 | Lair:3   | Killed a six-headed hydra
 14812 | Lair:3   | Found a staircase to the Shoals.
 15203 | Lair:4   | Reached ***** piety under Qazlal
 16105 | Lair:4   | Identified a +0 rod of the swarm (14/14) (You took it off a hill giant on level 12 of the Dungeon)
 16476 | Lair:5   | Reached skill level 10 in Dodging
 17002 | Lair:6   | Found a labyrinth entrance.
 17028 | Lab      | Entered a labyrinth
 17302 | Lab      | Got a pair of smoking gloves
 17303 | Lab      | Identified the +0 pair of gloves "Ijyje" {rC+ rN+ Slay-6} (You found it in a labyrinth)
 17323 | Lair:6   | Noticed xash's ghost (journeyman TrMo)
 17788 | Lair:6   | Killed xash's ghost
 17788 | Lair:6   | Reached skill level 10 in Fighting
 18126 | Lair:6   | Reached skill level 15 in Invocations
 18126 | Lair:6   | Gained mutation: You have very sharp fingernails. [demonic ancestry]
 18126 | Lair:6   | Reached XP level 14. HP: 60/110 MP: 11/25
 19067 | Lair:7   | Reached skill level 16 in Invocations
 19838 | Lair:8   | Entered Level 8 of the Lair of Beasts
 19867 | Lair:8   | Found a frozen archway.
 19878 | IceCv    | Entered an ice cave
 20146 | IceCv    | Found an ancient bone altar of Kikubaaqudgha.
 20856 | Lair:8   | Reached skill level 15 in Unarmed Combat
 20961 | Lair:8   | Reached skill level 5 in Shields
 21024 | Lair:8   | Gained mutation: You have claws for hands. [demonic ancestry]
 21024 | Lair:8   | Reached XP level 15. HP: 61/115 MP: 15/27
 21286 | Lair:8   | Found a viscous altar of Jiyva.
 21287 | Lair:8   | Found a staircase to the Slime Pits.
 21510 | Lair:8   | Got a steaming brass ring
 21874 | Orc:1    | Entered Level 1 of the Orcish Mines
 21985 | Orc:1    | Noticed Snorg
 21995 | Orc:1    | Killed Snorg
 22071 | Orc:1    | Found Hibised's Antique Armour Emporium.
 22079 | Orc:1    | Bought a scorched leather armour for 224 gold pieces
 22079 | Orc:1    | Bought a helmet for 144 gold pieces
 22080 | Orc:1    | Identified the ring "Zuliryad" {rPois Stlth-} (You found it on level 8 of the Lair of Beasts)
 22099 | Orc:1    | Identified the +0 leather armour "Katon" {*Confuse rPois rC+} (You bought it in a shop on level 1 of the Orcish Mines)
 22311 | Orc:1    | You fall through a shaft!
 22311 | Orc:2    | Found Tajagg's Quality Used Wands.
 23015 | Orc:4    | Entered Level 4 of the Orcish Mines
 23077 | Orc:4    | Found a roughly hewn altar of Beogh.
 23165 | Orc:4    | Reached ****** piety under Qazlal
 23250 | Orc:4    | Found Rewyog's Jewellery Shoppe.
 23344 | Orc:4    | Found Qoxe's Magic Scroll Boutique.
 23349 | Orc:4    | Found Oqeitz's Gadget Emporium.
 23350 | Orc:4    | Found Ris Paq's Distillery.
 23358 | Orc:4    | Bought a potion of heal wounds for 80 gold pieces
 23358 | Orc:4    | Bought 2 potions of berserk rage for 160 gold pieces
 23596 | Orc:4    | Found a staircase to the Elven Halls.
 24479 | D:13     | Noticed Nessos
 24493 | D:13     | Killed Nessos
 24583 | D:13     | Noticed Josephine
 24594 | D:13     | Killed Josephine
 24937 | D:13     | Found a portal to a secret trove of treasure.
 25114 | D:14     | Noticed Maud
 25138 | D:14     | Killed Maud
 25253 | D:14     | Noticed Donald
 25304 | D:14     | Killed Donald
 25346 | D:14     | Noticed Rupert
 25401 | D:14     | Killed Rupert
 25408 | D:14     | Reached XP level 16. HP: 21/125 MP: 4/28
 25700 | D:14     | Found a white marble altar of Elyvilon.
 25894 | D:14     | Found a gate to the Vaults.
 26289 | Spider:1 | Entered Level 1 of the Spider Nest
 27937 | Spider:3 | Noticed Jorgrun
 27959 | Spider:3 | Killed Jorgrun
 28668 | Spider:4 | Entered Level 4 of the Spider Nest
 29010 | Spider:4 | Reached skill level 17 in Unarmed Combat
 29355 | Spider:4 | Reached XP level 17. HP: 118/131 MP: 27/29
 29906 | Spider:4 | Got a gossamer rune of Zot
 30204 | Shoals:1 | Entered Level 1 of the Shoals
 30781 | Shoals:2 | Reached skill level 10 in Armour
 31097 | Shoals:3 | Noticed Nikola
 31122 | Shoals:3 | Killed Nikola
 32108 | Shoals:4 | Entered Level 4 of the Shoals
 32110 | Shoals:4 | Noticed Ilsuiw
 32151 | Shoals:4 | Killed Ilsuiw
 32228 | Shoals:4 | Noticed Kirke
 32307 | Shoals:4 | Killed Kirke
 32307 | Shoals:4 | Reached skill level 10 in Shields
 32418 | Shoals:4 | Gained mutation: You resist negative energy. [demonic ancestry]
 32418 | Shoals:4 | Reached XP level 18. HP: 134/140 MP: 30/30
 32552 | Shoals:4 | Upgraded the game from 0.17.1-1-g73c8601 to 0.17.1-2-g5865329
 33193 | Shoals:4 | Got a barnacled rune of Zot
 33504 | Shoals:4 | Got a transparent cloak
 33505 | Shoals:4 | Identified the +2 cloak "Jajoli" {rN+ rCorr Dex+4} (You found it on level 4 of the Shoals)
 34409 | Elf:1    | Entered Level 1 of the Elven Halls
 34480 | Elf:1    | Found Heyrulol's Weapon Shoppe.
 34759 | Elf:1    | Noticed Roxanne
 34796 | Elf:1    | Killed Roxanne
 34805 | Elf:1    | Identified Roxanne's Handbook of Mutagenic Stones (You took it off Roxanne on level 1 of the Elven Halls)
 34969 | Elf:1    | Identified the Tome of Stolen Souls
 35362 | Elf:2    | Found Cuokk's Gadget Shoppe.
 35375 | Elf:2    | Bought a wand of teleportation (6) for 360 gold pieces
 35436 | Elf:2    | Found Beotekae's Jewellery Boutique.
 35577 | Elf:2    | Found a huge runed gate.
 35577 | Elf:2    | Found a huge runed gate.
 35577 | Elf:2    | Found a huge runed gate.
 35577 | Elf:2    | Found a huge runed gate.
 35580 | Elf:2    | Found a huge runed gate.
 35678 | Elf:2    | Found Qinun's Gadget Boutique.
 35705 | Elf:2    | Found Ecouq's Weapon Shop.
 35787 | Elf:2    | Found Qeddaefoa's Gadget Boutique.
 36598 | Elf:3    | Entered Level 3 of the Elven Halls
 36678 | Elf:3    | Reached XP level 19. HP: 146/146 MP: 31/31
 36751 | Elf:3    | Found Cewebyso's Jewellery Boutique.
 36986 | Elf:3    | Reached skill level 15 in Shields
 37148 | Elf:3    | Gained mutation: You regenerate slowly when monsters are visible. [a neqoxec]
 37520 | Elf:3    | Cast into the Abyss (a deep elf sorcerer)
 37600 | Abyss:3  | Gained mutation: Scrolls take you a little longer to read. [a neqoxec]
 37603 | Abyss:3  | Paralysed by you for 3 turns
 37656 | Elf:3    | Escaped the Abyss
 37676 | Elf:3    | Cast into the Abyss (a deep elf sorcerer)
 37802 | Abyss:1  | Reached skill level 18 in Invocations
 37895 | Abyss:1  | Gained mutation: You tend to lose your temper in combat. [a neqoxec]
 37899 | Abyss:1  | Gained mutation: Armour fits poorly on your strangely shaped body. [a neqoxec]
 38183 | Abyss:1  | Noticed a bone dragon
 38202 | Abyss:1  | Killed a bone dragon
 38242 | Abyss:1  | Noticed a bone dragon
 38283 | Abyss:1  | Noticed an ancient lich
 38387 | Abyss:1  | Killed an ancient lich
 38650 | Abyss:1  | Noticed a profane servitor
 38682 | Abyss:1  | Killed a profane servitor
 38714 | Abyss:1  | Found a corrupted altar of Lugonu.
 38895 | Abyss:1  | Gained mutation: When low on magic, you restore magic in place of health. [demonic ancestry]
 38895 | Abyss:1  | Reached XP level 20. HP: 102/153 MP: 33/33
 39023 | Elf:3    | Escaped the Abyss
 39091 | Elf:3    | Reached skill level 19 in Unarmed Combat
 39241 | Elf:3    | Cast into the Abyss (a deep elf sorcerer)
 39637 | Abyss:1  | Noticed a lich
 39892 | Abyss:1  | Reached skill level 20 in Unarmed Combat
 39982 | Abyss:1  | Killed from afar by a Hell Sentinel

Action                   |  1- 3 |  4- 6 |  7- 9 | 10-12 | 13-15 | 16-18 | 19-21 || total
-------------------------+-------+-------+-------+-------+-------+-------+-------++-------
Melee: Unarmed           |   138 |   253 |   489 |  1064 |  2050 |  1989 |  1142 ||  7125
Throw: Stone             |       |     8 |     4 |       |       |       |       ||    12
       Tomahawk          |       |       |     5 |       |     6 |       |       ||    11
       Javelin           |       |       |       |       |     6 |    15 |       ||    21
       Throwing net      |       |       |       |       |       |     3 |       ||     3
Invok: Upheaval          |       |       |     7 |    13 |    24 |    19 |     3 ||    66
       Elemental Force   |       |       |       |     1 |       |     1 |     1 ||     3
       Disaster Area     |       |       |       |       |     1 |     2 |     3 ||     6
Evoke: Wand              |       |       |     3 |     3 |     6 |       |       ||    12
       Phial of floods   |       |       |       |       |     1 |       |       ||     1
  Use: Scroll            |     5 |     4 |    15 |     5 |    16 |    15 |     3 ||    63
       Potion            |     4 |     2 |     2 |     3 |     6 |     3 |     6 ||    26
 Stab: Sleeping          |     1 |     3 |       |       |       |       |       ||     4
       Invisible         |       |     2 |       |       |       |       |       ||     2
       Distracted        |       |       |       |     1 |       |       |     1 ||     2
       Held in net/web   |       |       |       |       |       |     2 |       ||     2
  Eat: Chunk             |     2 |     8 |    11 |    36 |    19 |    22 |     9 ||   107
       Fruit             |       |       |     1 |     1 |     3 |     5 |     2 ||    12
       Royal jelly       |       |       |     1 |       |     1 |     1 |     1 ||     4
       Meat ration       |       |       |       |       |     2 |       |     1 ||     3
       Pizza             |       |       |       |       |     1 |     6 |     1 ||     8
       Beef jerky        |       |       |       |       |     1 |       |       ||     1
       Bread ration      |       |       |       |       |       |     3 |     1 ||     4
